 Dungeon Crawl Stone Soup version 0.18.1-8-gdd0e5ea (webtiles) character file.

88 RudyRod the Firebug (level 4, -1/37 HPs)
             Began as a Naga Fire Elementalist on June 9, 2016.
             Was an Initiate of Vehumet.
             Slain by a hound (4 damage)
             ... on level 4 of the Dungeon.
             The game lasted 00:10:13 (2934 turns).

RudyRod the Firebug (Naga Fire Elementalist)        Turns: 2934, Time: 00:10:13

Health: -1/37      AC:  2    Str: 16    XL:     4   Next: 53%
Magic:  0/7        EV: 10    Int: 16    God:    Vehumet [......]
Gold:   90         SH:  0    Dex: 11    Spells: 1 memorised, 6 levels left

rFire  . . .     SeeInvis +     d - +0 mace
rCold  . . .     Gourm    .     a - +0 robe
rNeg   . . .     Faith    .     (no shield)
rPois  +         Spirit   .     (no helmet)
rElec  .         Dismiss  .     (no cloak)
rCorr  .         Reflect  .     (no gloves)
SustAt .         Harm     .     (no barding)
MR     .....                    (no amulet)
Stlth  +++.......               (no ring)
                                (no ring)

@: mighty, very slightly contaminated, very slow, not resistant to hostile
enchantments, fairly stealthy
A: see invisible, deformed body, poison resistance, slowness 2, slow metabolism
1, spit poison 2, AC +1
a: Spit Poison, Renounce Religion


You were on level 4 of the Dungeon.
You worshipped Vehumet.
Vehumet was noncommittal.
You were not hungry.

You visited 1 branch of the dungeon, and saw 4 of its levels.

You collected 90 gold pieces.

Inventory:

Hand Weapons
 d - a +0 mace (weapon)
Missiles
 j - 72 stones (quivered)
Armour
 a - a +0 robe (worn)
 e - a +0 leather armour
Scrolls
 q - a scroll of remove curse
Potions
 f - a potion of curing {unknown}
 g - a potion of invisibility {unknown}
 l - 2 potions of might
 n - a potion of flight {unknown}
 o - a potion of resistance {unknown}
Books
 b - a book of Flames

   Spells                             Type                      Level
   a - Flame Tongue                   Conjuration/Fire             1
   b - Throw Flame                    Conjuration/Fire             2
   c - Conjure Flame                  Conjuration/Fire             3
   d - Inner Flame                    Hexes/Fire                   3
   e - Sticky Flame                   Conjuration/Fire             4
   f - Fireball                       Conjuration/Fire             5
Comestibles
 c - a bread ration
 h - 8 chunks of flesh
 k - a meat ration


   Skills:
 + Level 0.6 Fighting
 + Level 1.9 Dodging
 * Level 3.9 Stealth
 + Level 2.2 Spellcasting
 + Level 1.5 Conjurations
 * Level 4.1 Fire Magic


You had 6 spell levels left.
You knew the following spells:

 Your Spells              Type           Power        Failure   Level  Hunger
a - Flame Tongue          Conj/Fire      ##...        10%         1    #......


Dungeon Overview and Level Annotations

Branches:
Dungeon (4/15)
 Temple: D:4-7

Altars:
Vehumet


Innate Abilities, Weirdness & Mutations

You cannot wear boots.
Your serpentine skin is tough (AC +1).
You have supernaturally acute eyesight.
Armour fits poorly on your strangely shaped body.
Your system is resistant to poisons.
You cover ground very slowly.
You have a slow metabolism.
You can spit poison.


Message History

Aiming: Flame Tongue
Press: ? - help, Shift-Dir - straight line, f - gnoll
Aim: a gnoll (almost dead)
The flame tongue hits the gnoll.
The gnoll is almost dead.
The gnoll misses you.
Casting: Flame Tongue
Confirm with . or Enter, or press ? or * to list all spells.
Aiming: Flame Tongue
Press: ? - help, Shift-Dir - straight line, f/p - gnoll
Aim: a gnoll (almost dead)
The flame tongue hits the gnoll.
You kill the gnoll!
Vehumet accepts your kill.
Drink which item? (? for menu, Esc to quit)
You feel very mighty all of a sudden. The hound bites you.
* * * LOW HITPOINT WARNING * * *
The hound bites you.
You die...

## # #. .. #.
.# ###.## .#
..(.# .. .
#.####.h#.#....
.......@.......
#########.#....
# .


You could see a hound.

Vanquished Creatures
  A gnoll (D:4)
  An adder (D:2)
  2 adder skeletons (D:3)
  A worm (D:2)
  4 dart slugs
  2 giant geckos
  5 goblins
  7 hobgoblins
  2 quokkas (D:2)
  2 ball pythons (D:2)
  6 bats
  5 giant newts
  A jackal skeleton (D:3)
  7 kobolds
  4 rats
50 creatures vanquished.

Notes
Turn   | Place    | Note
--------------------------------------------------------------
     0 | D:1      | RudyRod the Naga Fire Elementalist began the quest for the Orb.
     0 | D:1      | Reached XP level 1. HP: 15/15 MP: 3/3
   486 | D:1      | Reached XP level 2. HP: 9/22 MP: 0/5
  1501 | D:2      | Reached XP level 3. HP: 30/30 MP: 2/6
  2270 | D:2      | Reached skill level 4 in Fire Magic
  2275 | D:2      | Found a radiant altar of Vehumet.
  2310 | D:2      | Became a worshipper of Vehumet
  2353 | D:2      | Reached XP level 4. HP: 37/37 MP: 5/7
  2934 | D:4      | Slain by a hound

Skill      XL: |  1  2  3 |
---------------+----------+-----
Fire Magic     | 4 |  4.1
Fighting       | |  0.6
Dodging        | |  1.9
Stealth        | |  3.9
Spellcasting   | |  2.2
Conjurations   | |  1.5

Action                   |  1- 3 |  4- 6 || total
-------------------------+-------+-------++-------
Melee: Mace              |    32 |     2 ||    34
 Cast: Flame Tongue      |    52 |    29 ||    81
  Use: Scroll            |       |     4 ||     4
       Potion            |       |     1 ||     1
 Stab: Sleeping          |     4 |     1 ||     5
  Eat: Chunk             |     4 |       ||     4
       Bread ration      |       |     1 ||     1
Armor: Robe              |     7 |     3 ||    10
Dodge: Dodged            |    40 |    14 ||    54
